 Dungeon Crawl Stone Soup version 0.29.1-1-gd02db6906a (webtiles) character file.

Game seed: 7751623238598475600

51 Homeless the Slasher (level 3, 31/31 HPs)
             Began as a Gnoll Wanderer on Oct 18, 2022.
             Quit the game on level 2 of the Dungeon.
             The game lasted 00:06:13 (3156 turns).

Homeless the Slasher (Gnoll Wanderer)               Turns: 3156, Time: 00:06:13

Health: 31/31      AC:  6    Str:  9    XL:     3   Next: 81%
Magic:  7/7        EV: 11    Int: 10    God:
Gold:   62         SH:  0    Dex: 16    Spells: 7/7 levels left

rFire   . . .      SeeInvis .   a - +0 falchion
rCold   . . .      Faith    +   (no shield)
rNeg    . . .      Spirit   .   g - +0 ring mail
rPois   .          Reflect  .   (no helmet)
rElec   .          Harm     .   d - +0 cloak
rCorr   .          Rampage  .   (no gloves)
Will    .....                   (no boots)
Stlth   ++........              f - amulet of faith
HPRegen 0.10/turn               (no ring)
MPRegen 0.10/turn               (no ring)

@: no status effects
A: fangs 1, strong nose, distributed training
a: no special abilities


You were on level 2 of the Dungeon.
You visited 1 branch of the dungeon, and saw 2 of its levels.

You collected 62 gold pieces.

Inventory:

Hand Weapons
 a - a +0 falchion (weapon)
 i - a +0 sling
Missiles
 h - 22 stones (quivered)
 j - 7 poisoned darts
Armour
 d - a +0 cloak (worn)
 g - a +0 ring mail (worn)
Jewellery
 f - an amulet of faith (around neck)
Scrolls
 e - 2 scrolls of blinking
 k - a scroll of enchant armour {unknown}
Potions
 b - a potion of heal wounds
 c - a potion of haste


   Skills:
 + Level 4.6 Fighting
 + Level 1.0 Short Blades
 + Level 6.5 Long Blades
 + Level 1.0 Axes
 + Level 1.0 Maces & Flails
 + Level 1.0 Polearms
 + Level 1.0 Staves
 + Level 1.0 Ranged Weapons
 + Level 1.0 Throwing
 + Level 1.0 Armour
 + Level 2.7 Dodging
 + Level 2.5 Stealth
 + Level 1.0 Shields
 + Level 4.6 Unarmed Combat
 + Level 2.9 Spellcasting
 + Level 0.7 Conjurations
 + Level 0.7 Hexes
 + Level 0.7 Summonings
 + Level 0.7 Necromancy
 + Level 0.7 Translocations
 + Level 0.7 Transmutations
 + Level 0.7 Fire Magic
 + Level 0.7 Ice Magic
 + Level 0.7 Air Magic
 + Level 0.7 Earth Magic
 + Level 0.7 Poison Magic
 + Level 1.1 Invocations
 + Level 1.0 Evocations


You had 7 spell levels left.
You didn't know any spells.
Your spell library was empty.

Dungeon Overview and Level Annotations

Branches:
Dungeon (2/15)

Altars:


Innate Abilities, Weirdness & Mutations

You have very sharp teeth.
Your uncanny sense of smell can sniff out nearby items.
Your experience applies equally to all skills.


Message History

No target in view!
No target in view!
Found a stone staircase leading up.
e - 2 scrolls of blinking (gained 1) No target in view!
No target in view!
No target in view!
Unknown command.
A worm comes into view.
A worm is nearby!
The worm bites you.
You hit the worm. You bite the worm, but do no damage.
The worm is moderately wounded.
You hit the worm but do no damage.
The worm is moderately wounded.
The worm bites you.
You hit the worm.
The worm is moderately wounded.
You hit the worm but do no damage. Your bite misses the worm.
The worm is moderately wounded.
The worm bites you!
You slash the worm!
The worm is severely wounded.
The worm bites you!
You are too injured to fight recklessly!
You are too injured to fight recklessly!
You are too injured to fight recklessly!
You are too injured to fight recklessly!
You hit the worm.
The worm is almost dead.
You hit the worm.
You kill the worm!
You see here a worm corpse.
You start resting.
HP restored.
You start waiting.
Done waiting.
Welcome back, Homeless the Gnoll Wanderer.
Press ? for a list of commands and other information.
Are you sure you want to abandon this character and quit the game? (Confirm with "yes".)

############
#..........#
#..........# .. .
..##....@.....# #### ..
..#....<........#####...
..
...##....#.#.###.....#
.. #.
####...#.###.....## ..
#.###.........)###.. ..
#................#.# ...
####.........###.#.##...
###..........#...##...
.##........###.#..###...


There were no monsters in sight!

Vanquished Creatures
  An adder (D:2)
  A worm (D:2)
  4 bats
  3 endoplasms
  2 giant cockroaches (D:2)
  4 goblins
  4 hobgoblins
  4 jackals (D:2)
  3 kobolds
  2 ball pythons (D:1)
  3 frilled lizards
  3 rats
34 creatures vanquished.

Notes
Turn   | Place    | Note
-------+----------+-------------------------------------------
     0 | D:1      | Homeless the Gnoll Wanderer began the quest for the Orb.
     0 | D:1      | Homeless set off with the following items: a +0 falchion, a
                  | potion of heal wounds, a potion of haste, a +0 cloak, a
                  | scroll of blinking, a +0 robe.
     0 | D:1      | Reached XP level 1. HP: 20/20 MP: 4/4
  1509 | D:1      | Reached XP level 2. HP: 26/26 MP: 5/5
  2218 | D:2      | Found a faded altar of an unknown god.
  2309 | D:2      | Reached XP level 3. HP: 26/31 MP: 7/7
  2380 | D:2      | Reached skill level 1 in Invocations
  2500 | D:2      | Reached skill level 1 in Short Blades
  2500 | D:2      | Reached skill level 1 in Axes
  2500 | D:2      | Reached skill level 1 in Maces & Flails
  2500 | D:2      | Reached skill level 1 in Polearms
  2500 | D:2      | Reached skill level 1 in Staves
  2500 | D:2      | Reached skill level 1 in Ranged Weapons
  2500 | D:2      | Reached skill level 1 in Throwing
  2500 | D:2      | Reached skill level 1 in Armour
  2500 | D:2      | Reached skill level 1 in Shields
  2500 | D:2      | Reached skill level 1 in Evocations
  3156 | D:2      | Quit the game

Illustrated notes

Levels and vault maps discovered:
D:1:      matt_arrival_debris, layout_loops_cross
D:2:      layout_rooms, shapermc_ecumenical_altar_totnotflames,
          hangedman_abyss_or_decor_stabs

Skill      XL: |  1  2  3 |
---------------+----------+-----
Invocations    | 1 |  1.1
Short Blades   | 1 |  1.0
Axes           | 1 |  1.0
Maces & Flails | 1 |  1.0
Polearms       | 1 |  1.0
Staves         | 1 |  1.0
Ranged Weapons | 1 |  1.0
Throwing       | 1 |  1.0
Armour         | 1 |  1.0
Shields        | 1 |  1.0
Evocations     | 1 |  1.0
Fighting       | |  4.6
Long Blades    | |  6.5
Dodging        | |  2.7
Stealth        | |  2.5
Unarmed Combat | |  4.6
Spellcasting   | |  2.9
Conjurations   | |  0.7
Hexes          | |  0.7
Summonings     | |  0.7
Necromancy     | |  0.7
Translocations | |  0.7
Transmutations | |  0.7
Fire Magic     | |  0.7
Ice Magic      | |  0.7
Air Magic      | |  0.7
Earth Magic    | |  0.7
Poison Magic   | |  0.7

Action                   || total
-------------------------++-------
Melee: Falchion          ||    97
       Bite              ||     9
 Fire: Sling             ||     4
  Use: Scroll            ||     3
       Potion            ||     3
Armor: Ring mail         ||    43
       Robe              ||     1
Dodge: Dodged            ||    56
